 Dungeon Crawl Stone Soup version 0.23.0-3-gf3c87f2 (webtiles) character file.

Game seed: 17109775811584147370

57 Monsterracer the Chopper (level 3, -1/49 HPs)
             Began as a Minotaur Berserker on Feb 24, 2019.
             Was a Believer of Trog.
             Slain by an orc warrior
             ... wielding a +0 dire flail
              (18 damage)
             ... on level 2 of the Dungeon.
             The game lasted 00:01:01 (1362 turns).

Monsterracer the Chopper (Minotaur Berserker)       Turns: 1362, Time: 00:01:02

Health: -1/49      AC:  3    Str: 27    XL:     3   Next: 73%
Magic:  2/2        EV: 12    Int:  4    God:    Trog [**....]
Gold:   101        SH:  0    Dex:  9    Spells: 2/2 levels left

rFire    . . .     SeeInvis .   a - +0 hand axe
rCold    . . .     Gourm    .   (no shield)
rNeg     . . .     Faith    .   b - +0 animal skin
rPois    .         Spirit   .   (helmet restricted)
rElec    .         Reflect  .   f - +0 cloak
rCorr    .         Harm     .   (no gloves)
MR       .....                  (no boots)
Stlth    ..........             (no amulet)
HPRegen  0.16/turn              (no ring)
MPRegen  0.08/turn              (no ring)

@: berserking (expiring), very quick
A: retaliatory headbutt, horns 2
a: Berserk, Trog's Hand, Renounce Religion


You were on level 2 of the Dungeon.
You worshipped Trog.
Trog was pleased with you.
You were very hungry.

You visited 1 branch of the dungeon, and saw 2 of its levels.

You collected 101 gold pieces.


Innate Abilities, Weirdness & Mutations

You reflexively headbutt those who attack you in melee.
You have a pair of horns on your head.


   Skills:
 + Level 4.2 Fighting
 * Level 4.8 Axes
 + Level 3.2 Armour
 - Level 2.1 Dodging


You had 2 spell levels left.
You didn't know any spells.
Your spell library was empty.

Inventory:

Hand Weapons
 a - a +0 hand axe (weapon)
Armour
 b - a +0 animal skin (worn)
 f - a +0 cloak (worn)
   (You found it on level 1 of the Dungeon)
Scrolls
 d - 3 scrolls of remove curse {unknown}
 e - 2 scrolls of amnesia {unknown}
 k - 5 scrolls of identify {unknown}
 l - a scroll of teleportation {unknown}
 o - a scroll of immolation {unknown}
 q - a scroll of magic mapping {unknown}
Potions
 g - a potion of curing {unknown}
 h - a potion of brilliance {unknown}
 i - 2 potions of mutation {unknown}
 j - a potion of lignification {unknown}
 m - 2 potions of heal wounds {unknown}
 p - a potion of ambrosia {unknown}
Comestibles
 c - 2 rations

Dungeon Overview and Level Annotations

Branches:
Dungeon (2/15)

Altars:

......#.##....
................#.##....
........................
........................
........................
........................
#)#.#.........................
####.#.#.#.#...o.................
.........#.#.#.#@..#####.........
...........#...).......#.........
.........###...........#.........
......................>..........
.................................
..............####.###...########
............................#....
.................#.########......
.....................######......


You could see an orc warrior.


Message History

No target in view!
You take 1 damage, and have 31/33 hp.
Key pressed, stopping explore.
No target in view!
p - a lumpy yellow potion
k - 4 scrolls labeled TUREIM GOUNO (gained 1)
You now have 66 gold pieces (gained 6).
Health restored: 33 No target in view!
You see here a dart slug corpse.
Key pressed, stopping explore.
No target in view!
No target in view!
You now have 77 gold pieces (gained 11).
m - 2 viscous grey potions (gained 1)
q - a scroll labeled KUIGIGG WIOR No target in view!
All of the chunks of flesh in your inventory have rotted away.
k - 5 scrolls labeled TUREIM GOUNO (gained 1)
A goblin comes into view.
The goblin shouts!
A goblin is nearby!
Found a stone staircase leading up.
A goblin is nearby!
The goblin hits you.
Found a mace.
You take 4 damage, and have 29/33 hp.
You slash the goblin!
You kill the goblin!
Trog accepts your kill.
There is a stone staircase leading up here.
A worm comes into view.
Health restored: 33 A worm is nearby!
A worm is nearby!
You slash the worm! You headbutt the worm.
The worm is heavily wounded.
A worm is nearby!
You hit the worm.
You headbutt the worm, but do no damage.
The worm is severely wounded.
The worm barely misses you. You furiously retaliate!
You headbutt the worm.
You kill the worm!
Trog accepts your kill.
No target in view!
No target in view!
No target in view!
You now have 92 gold pieces (gained 15).
Key pressed, stopping explore.
Key pressed, stopping explore.
Key pressed, stopping explore.
No target in view!
Found a stone staircase leading down.
You now have 101 gold pieces (gained 9).
An orc and an orc warrior come into view.
The orc warrior shouts!
You hear a shout!
The orc moves out of view.
A goblin and an orc wizard come into view.
The orc wizard shouts!
There are monsters nearby!
The orc wizard mumbles some strange words.
The orc wizard flickers and vanishes!
Deactivating autopickup; reactivate with Ctrl-A.
There are monsters nearby!
The orc barely misses you. You furiously retaliate!
You headbutt the orc!
You kill the orc!
Trog accepts your kill. The orc warrior barely misses you.
A red film seems to cover your vision as you go berserk!
You feel yourself moving faster!
You feel mighty!
You are feeling very hungry.
The orc warrior hits you with a +0 dire flail!!
You now have 30/49 hp.
You closely miss the orc warrior. You hit the orc warrior.
Your headbutt misses the orc warrior.
The orc warrior is lightly wounded.
The orc warrior barely misses you.
You barely miss the orc warrior.
The orc warrior is lightly wounded.
You miss something.
The orc warrior hits you with a +0 dire flail!
You take 11 damage, and have 19/49 hp.
MASSIVE DAMAGE!!
You hit the orc warrior but do no damage.
The orc warrior is lightly wounded.
You miss something.
You hear some strange, mumbled words.
A puff of flame appears from out of thin air!
The puff of flame hits you.
You take 3 damage, and have 16/49 hp.
You closely miss the orc warrior.
The orc warrior is lightly wounded.
You closely miss something. The orc warrior barely misses you.
You barely miss the orc warrior.
The orc warrior is lightly wounded.
You barely miss something.
You hear some strange, mumbled words.
Something tries to affect you, but you resist.
You barely miss the orc warrior. You headbutt the orc warrior!
The orc warrior is moderately wounded.
You barely miss something.
The orc warrior hits you with a +0 dire flail!!
You die...

Skill      XL: |  1  2  3 |
---------------+----------+-----
Axes           | 4 |  4.8
Fighting       | 4 |  4.2
Armour         | 3 |  3.2
Dodging        | |  2.1

Action                   || total
-------------------------++-------
Melee: Hand axe          ||    75
       Headbutt          ||    15
Invok: Berserk           ||     1
  Eat: Chunk             ||     1
Armor: Animal skin       ||     6
Dodge: Dodged            ||    37

Levels and vault maps discovered:
D:1:      evilmike_arrival_hilbert_curve, layout_loops_ring,
          minmay_parallelograms, serial_park_tiny_1
D:2:      layout_basic

Notes
Turn   | Place    | Note
-------+----------+-------------------------------------------
     0 | D:1      | Monsterracer the Minotaur Berserker began the quest for the
                  | Orb.
     0 | D:1      | Reached XP level 1. HP: 19/19 MP: 0/0
   402 | D:1      | Reached XP level 2. HP: 25/27 MP: 1/1
  1001 | D:2      | Reached XP level 3. HP: 32/33 MP: 2/2
  1193 | D:2      | Reached ** piety under Trog
  1351 | D:2      | Noticed an orc warrior
  1362 | D:2      | Slain by an orc warrior

Vanquished Creatures
  An ooze (D:1)
  3 worms (D:2)
  3 dart slugs (D:1 D:2)
  An orc (D:2)
  A ball python (D:1)
  2 giant cockroaches (D:1 D:2)
  4 goblins (D:1 D:2)
  4 hobgoblins (D:1 D:2)
  3 jackals (D:2)
  6 kobolds (D:1 D:2)
  3 frilled lizards (D:1)
  4 rats (D:1 D:2)
35 creatures vanquished.

Table legend:
 A = Turns spent in this place as a percentage of turns spent in the entire game.
 B = Non-inter-level travel turns spent in this place as a percentage of non-inter-level travel turns spent in the entire game.
 C = Inter-level travel turns spent in this place as a percentage of turns spent in this place.
 D = Turns resting spent in this place as a percentage of non-inter-level travel turns spent in this place.
 E = Turns spent auto-exploring this place as a percentage of non-inter-level travel turns spent in this place.
 F = Non-inter-level travel turns spent in this place divided by the number of levels of this place that you've seen.
                   A       B       C       D       E      F
               +-------+-------+-------+-------+-------+----------------------
         Total | 100.0 | 100.0 |   2.3 |   0.0 |  85.6 | 665.5
       Dungeon | 100.0 | 100.0 |   2.3 |   0.0 |  85.6 | 665.5
               +-------+-------+-------+-------+-------+----------------------

Table legend:
 A = Non-vault XP
 B = Vault XP
 C = Vault XP percentage of total XP
 D = Non-vault monster count
 E = Vault monster count
 F = Vault count percentage of total count
                 A         B        C        D         E       F
            +---------+---------+-------+---------+---------+-------
      Total |      82 |       0 |   0.0 |      35 |       0 |   0.0
            +---------+---------+-------+---------+---------+-------
        D:1 |      35 |       0 |   0.0 |      18 |       0 |   0.0
        D:2 |      47 |       0 |   0.0 |      17 |       0 |   0.0
            +---------+---------+-------+---------+---------+-------
